 Dungeon Crawl Stone Soup version 0.24.0-123-gd5b16e6ec5 (webtiles) character file.

Game seed: 6300523345395809400, levelgen mode: deterministic

13342 McKennaii the Thaumaturge (level 11, -3/89 HPs)
             Began as a Purple Draconian Conjurer on Feb 1, 2020.
             Was an Elder of Sif Muna.
             Slain by an ice dragon (12 damage)
             ... on level 11 of the Dungeon.
             The game lasted 00:39:10 (14505 turns).

McKennaii the Thaumaturge (DrCj)                   Turns: 14505, Time: 00:39:10

Health: -3/89      AC: 15    Str: 12    XL:     11   Next: 74%
Magic:  2/28       EV: 15    Int: 22    God:    Sif Muna [****..]
Gold:   1631       SH:  3    Dex: 12    Spells: 25/36 levels left

rFire    . . .     SeeInvis .   D - +5 long sword (freeze)
rCold    . . .     Gourm    .   (no shield)
rNeg     . . .     Faith    .   (armour unavailable)
rPois    .         Spirit   .   n - +2 hat
rElec    .         Reflect  +   u - scarf {repulsion}
rCorr    .         Harm     .   g - +1 pair of gloves {archery}
MR       +....                  (no boots)
Stlth    ++........             A - amulet "Akoilan" {Reflect +Inv Str+2 Int+3 SH+3}
HPRegen  0.24/turn              o - +4 ring of protection
MPRegen  0.21/turn              w - ring of wizardry

@: short of breath, repel missiles
A: breathe power, unfitting armour, cold-blooded, AC +7
a: Breathe Dispelling Energy, Channel Magic, Forget Spell, Divine Exegesis,
Renounce Religion, Evoke Invisibility


You were on level 11 of the Dungeon.
You worshipped Sif Muna.
Sif Muna was greatly pleased with you.
You were hungry.

You visited 2 branches of the dungeon, and saw 12 of its levels.
You also visited: Bailey.

You collected 1839 gold pieces.
You spent 208 gold pieces at shops.

Inventory:

Hand Weapons
 s - a +0 shortbow
 D - a +5 long sword of freezing (weapon)
Missiles
 t - 129 arrows
Armour
 g - a +1 pair of gloves of archery (worn)
 i - a +2 large shield
 n - a +2 hat (worn)
 u - a scarf of repulsion (worn)
Jewellery
 o - a +4 ring of protection (left hand)
 w - a ring of wizardry (right hand)
 A - the amulet "Akoilan" (around neck) {Reflect +Inv Str+2 Int+3 SH+3}
   (You found it in a bailey)

   [amulet of reflection]

   It shields you and reflects attacks.
   It affects your strength (+2).
   It affects your intelligence (+3).
   It lets you turn invisible.
   It affects your SH (+3).
Wands
 B - a wand of flame (6)
 C - a wand of random effects (20)
 E - a wand of polymorph (8)
Scrolls
 c - 3 scrolls of remove curse
 d - a scroll of blinking
 l - 2 scrolls of fog
 m - a scroll of magic mapping
 v - 3 scrolls of teleportation
 y - a scroll of enchant weapon {unknown}
 F - 3 scrolls of enchant armour {unknown}
Potions
 a - 2 potions of agility
 e - 5 potions of magic
 f - 2 potions of curing
 h - a potion of resistance
 j - 3 potions of flight
 k - 2 potions of lignification
 p - a potion of cancellation
 q - 3 potions of mutation
 x - a potion of haste
 z - 2 potions of brilliance
Comestibles
 b - 11 rations
 r - 6 chunks of flesh


   Skills:
 + Level 5.6 Fighting
 + Level 5.9 Long Blades
 + Level 1.7 Bows
 + Level 6.6 Dodging
 + Level 3.8 Stealth
 + Level 0.4 Shields
 * Level 13.4 Spellcasting
 + Level 9.7 Conjurations


You had 25 spell levels left.
You knew the following spells:

 Your Spells              Type           Power        Failure   Level  Hunger
a - Magic Dart            Conj           ####         1%          1    None
b - Freezing Cloud        Conj/Ice/Air   ####......   52%         6    #####..
c - Iskenderun's Mystic   Conj           ######..     1%          4    None

Your spell library contained the following spells:

 Spells                   Type           Power        Failure   Level  Hunger
 Searing Ray              Conj           ######       1%          2    None
 Conjure Flame            Conj/Fire      #####...     1%          3    None
 Dazzling Spray           Conj/Hex       #####.       1%          3    None
 Mephitic Cloud           Conj/Pois/Air  ####....     1%          3    None
 Poisonous Vapours        Pois/Air       ##....       2%          2    None
 Force Lance              Conj/Tloc      #####...     2%          4    None
 Fulminant Prism          Conj/Hex       #####.....   2%          4    None
 Ring of Flames           Chrm/Fire      ##........   100%        7    ######.


Dungeon Overview and Level Annotations

Branches:
Dungeon (11/15)            Temple (1/1) D:7            Lair (0/6) D:11
    Orc (0/2) D:9          Bailey (visited)

Altars:
Elyvilon
Gozag
Makhleb
Nemelex Xobeh
Okawaru
Qazlal
Sif Muna
Trog
Wu Jian
Xom
Yredelemnul
Zin
The Shining One

Shops:
D:5 [

Annotations:
D:11 2 transporters, Qonarita's ghost, journeyman TrBe


Innate Abilities, Weirdness & Mutations

You can breathe bolts of dispelling energy.
Your rich purple scales are hard. (AC +7)
You cannot fit into any form of body armour.
You are cold-blooded and may be slowed by cold attacks.


Message History

Aiming: Throw Flame
Press: ? - help, Shift-Dir - straight line, f/p - ice dragon
Aim: an ice dragon (almost dead, catching its breath)
The puff of flame hits the ice dragon but does no damage.
The ice dragon is almost dead.
The ice dragon bites you!
* * * LOW HITPOINT WARNING * * *
The ice dragon claws you!
* * * LOW HITPOINT WARNING * * *
The ice dragon misses you.
Okay, then.
Evoke which item? (* to show all) (? for menu, Esc to quit)
Aiming: Throw Flame
Press: ? - help, Shift-Dir - straight line, f/p - ice dragon
Aim: an ice dragon (almost dead, catching its breath)
The puff of flame misses the ice dragon.
The ice dragon bites you.
* * * LOW HITPOINT WARNING * * *
The ice dragon claws you!
You die...

########## #
#######....[...# #
...##..........# #
...'..#.......<#####.+
#
...####.........@....#
# ...#
#.########D##### +
...# ### #.# # ...#
8..o⌠.))# # #'##
.....)..# ..#
8...⌠.⌠.# ###
#..###### ..# ## ..#


You could see an ice dragon.

Vanquished Creatures
  Josephine (D:10)
  A two-headed ogre (D:9)
  An unseen horror (D:10)
  Pikel (D:4)
  Psyche (D:8)
  A troll (D:10)
  Prince Ribbit (D:6)
  Grinder (D:3)
  2 hippogriffs
  The ghost of Xerdoz the Insei, an amateur OpTm (D:4)
  5 wraiths (D:10)
  6 yaks (D:10)
  2 hungry ghosts
  A steam dragon (D:10)
  2 wargs (D:9)
  Edmund (D:4)
  An acid dragon (D:10)
  A porcupine (D:11)
  A slave (D:4)
  10 orc warriors
  2 ice beasts
  2 sky beasts
  6 ogres
  3 phantoms
  5 centaurs
  A crocodile (D:11)
  A gnoll sergeant (D:8)
  3 big kobolds
  11 bullfrogs
  3 scorpions
  11 killer bees
  14 wights
  5 howler monkeys
  6 crimson imps
  A quasit (D:9)
  A centaur skeleton (D:11)
  2 centaur zombies
  A bullfrog skeleton (D:8)
  13 orc priests
  4 hounds
  7 iguanas
  12 orc wizards
  8 worker ants
  A hound zombie (D:7)
  A worker ant zombie (D:10)
  Robin (D:1)
  11 gnolls
  12 adders
  2 shadow imps
  2 oozes
  3 adder skeletons
  3 worms
  2 dart slugs
  4 leopard geckos
  60 orcs
  5 bats
  6 giant cockroaches
  20 goblins
  8 hobgoblins
  20 jackals
  6 quokkas
  5 frilled lizards
  A jackal skeleton (D:4)
  A jackal zombie (D:5)
  33 kobolds
  A leopard gecko zombie (D:9)
  8 rats
379 creatures vanquished.

Vanquished Creatures (others)
  A centaur (D:10)
  A goblin (D:2)
  29 fungi (D:11)
  4 plants (D:11)
35 creatures vanquished.

Grand Total: 414 creatures vanquished

Notes
Turn   | Place    | Note
-------+----------+-------------------------------------------
     0 | D:1      | McKennaii the Draconian Conjurer began the quest for the
                  | Orb.
     0 | D:1      | Reached XP level 1. HP: 14/14 MP: 3/3
   322 | D:1      | Reached XP level 2. HP: 20/20 MP: 5/5
   847 | D:2      | Noticed Robin
   892 | D:1      | Killed Robin
   892 | D:1      | Reached XP level 3. HP: 7/26 MP: 0/6
  2069 | D:2      | Reached XP level 4. HP: 19/34 MP: 0/7
  2801 | D:3      | Reached skill level 3 in Spellcasting
  2905 | D:3      | Reached skill level 5 in Conjurations
  2905 | D:3      | Reached XP level 5. HP: 6/39 MP: 2/9
  3043 | D:3      | Reached skill level 1 in Fighting
  3397 | D:3      | Noticed Grinder
  3415 | D:3      | Paralysed by Grinder for 2 turns
  3504 | D:3      | Learned a level 4 spell: Iskenderun's Mystic Blast
  3689 | D:3      | Paralysed by Grinder for 6 turns
  3702 | D:3      | Killed Grinder
  3702 | D:3      | Reached skill level 4 in Spellcasting
  3702 | D:3      | Reached XP level 6. HP: 13/47 MP: 0/12
  4182 | D:4      | Reached skill level 5 in Spellcasting
  4182 | D:4      | Your scales start taking on a rich purple colour.
  4182 | D:4      | Reached skill level 6 in Spellcasting
  4182 | D:4      | Reached XP level 7. HP: 42/52 MP: 8/16
  4355 | D:4      | Noticed Xerdoz's ghost (amateur OpTm)
  4364 | D:4      | Found a basalt altar of Yredelemnul.
  4423 | D:4      | Identified the cursed +1 dire flail of Tartarus {venom, rF+
                  | Str+4 Dex+2 Stlth+}
  4424 | D:4      | Found a transporter.
  4428 | D:4      | Found a transporter.
  4535 | D:4      | Noticed Pikel
  4552 | D:4      | Killed Pikel
  4552 | D:4      | Reached skill level 7 in Spellcasting
  4552 | D:4      | Reached XP level 8. HP: 45/61 MP: 1/19
  4707 | D:4      | Found a sparkling altar of Nemelex Xobeh.
  4903 | D:4      | Found a burning altar of Makhleb.
  4957 | D:5      | Entered Level 5 of the Dungeon
  4966 | D:5      | Noticed Edmund
  4988 | D:4      | Killed Edmund
  4988 | D:4      | Reached skill level 8 in Spellcasting
  5450 | D:5      | Found a glowing golden altar of the Shining One.
  5728 | D:5      | Found Naskog's Antique Armour Emporium.
  5806 | D:5      | Bought a glowing scarf for 208 gold pieces
  5916 | D:5      | Reached skill level 9 in Spellcasting
  6091 | D:6      | Noticed Prince Ribbit
  6228 | D:6      | Killed Prince Ribbit
  6228 | D:6      | Reached XP level 9. HP: 68/68 MP: 8/22
  6862 | D:6      | Reached skill level 10 in Spellcasting
  7434 | D:7      | Found a stormy altar of Qazlal.
  7447 | D:7      | Learned a level 6 spell: Freezing Cloud
  7706 | D:7      | Found a staircase to the Ecumenical Temple.
  7778 | Temple   | Entered the Ecumenical Temple
  7841 | Temple   | Became a worshipper of Sif Muna the Loreminder
  7990 | D:7      | Reached skill level 5 in Dodging
  8238 | D:8      | Reached skill level 11 in Spellcasting
  8583 | D:8      | Reached * piety under Sif Muna
  8611 | D:8      | Reached XP level 10. HP: 73/78 MP: 0/25
  8611 | D:8      | Reached skill level 1 in Bows
  8833 | D:8      | Found a white marble altar of Elyvilon.
  8903 | D:8      | Found a bloodstained altar of Trog.
  8903 | D:8      | Noticed Psyche
  8909 | D:8      | Killed Psyche
  9383 | D:8      | Found an ornate altar of the Wu Jian Council.
  9386 | D:8      | Found an opulent altar of Gozag.
  9389 | D:8      | Found a shimmering altar of Xom.
  9432 | D:8      | Found a glowing silver altar of Zin.
  9671 | D:9      | Reached skill level 1 in Long Blades
  9702 | D:9      | Found a shimmering altar of Xom.
  9755 | D:9      | Found a staircase to the Orcish Mines.
  9772 | D:9      | Noticed a two-headed ogre
  9820 | D:9      | Killed a two-headed ogre
  9820 | D:9      | Reached skill level 12 in Spellcasting
 10298 | D:9      | Reached ** piety under Sif Muna
 10962 | D:10     | Entered Level 10 of the Dungeon
 11021 | D:10     | Killed an unseen horror
 11021 | D:10     | Reached skill level 5 in Fighting
 11153 | D:10     | Reached XP level 11. HP: 23/86 MP: 9/27
 11376 | D:10     | Found a flagged portal.
 11405 | Bailey   | Entered a bailey
 11459 | Bailey   | Reached *** piety under Sif Muna
 11787 | Bailey   | Got a clouded tin amulet
 11860 | D:10     | Noticed Josephine
 11924 | D:9      | Identified the amulet "Akoilan" {Reflect +Inv Str+2 Int+3
                  | SH+3} (You found it in a bailey)
 12223 | D:10     | Killed Josephine
 12554 | D:10     | Reached **** piety under Sif Muna
 12595 | D:10     | Reached skill level 5 in Long Blades
 12774 | D:10     | Reached skill level 13 in Spellcasting
 13507 | D:11     | Noticed a five-headed hydra
 13508 | D:11     | Found a staircase to the Lair.
 13820 | D:11     | Found a transporter.
 13824 | D:11     | Noticed Qonarita's ghost (journeyman TrBe)
 13835 | D:11     | Found a transporter.
 14059 | D:4      | Killed Xerdoz's ghost
 14492 | D:11     | Noticed an ice dragon
 14505 | D:11     | Slain by an ice dragon

Levels and vault maps discovered:
D:1:      psy_arrival_radial01, layout_loops_ring, chequers_serial_rivers_marsh,
          minmay_tripent
D:2:      layout_loops_ring, uniq_robin
D:3:      layout_basic, uniq_grinder
D:4:      layout_loops_cross, makhleb_grotto_becter, yredelemnul_altar_generic,
          gammafunk_ghost_smash, st_stairs_3, nemelex_xobeh_ov_fountains_minmay,
          uniq_pikel
D:5:      layout_basic, lemuel_round_altar, first_ration, serial_shops,
          nicolae_shop_competitors_out_of_business, uniq_edmund
D:6:      layout_loops_ring, uniq_prince_ribbit1
D:7:      layout_loops_ring, old_standard_altar, temple_pool_b
D:8:      layout_loops_ring, zin_scriptorium, lightli_temple_of_fire,
          grunt_temple_overflow_diamond, st_stairs_10, blue_anna_alchemist
          [blue_anna_fruit_fields, blue_anna_fruit_fields], elyvilon_altar_1,
          uniq_psyche
D:9:      minmay_angry_zag, layout_long_grid, erik_orc_3, basic_altar
D:10:     layout_gridville, enter_bailey_2, minmay_increasing_density,
          uniq_josephine
D:11:     layout_roguey, due_lair_maze_entry_diamond,
          gammafunk_ghost_stat_death, small_chamber_with_monster
Temple:   nicolae_temple_figure_eight

Skill      XL: |  1  2  3  4  5  6  7  8  9 10 11 |
---------------+----------------------------------+-----
Dodging        | 2 3 4 5 6 |  6.6
Stealth        | 2 3 |  3.8
Spellcasting   | 3 4 6 7 9 11 12 13 | 13.4
Conjurations   | 5 6 7 8 9 |  9.7
Fighting       | 1 2 3 5 |  5.6
Bows           | 1 |  1.7
Long Blades    | 4 5 |  5.9
Shields        | |  0.4

Action                   |  1- 3 |  4- 6 |  7- 9 | 10-12 || total
-------------------------+-------+-------+-------+-------++-------
Melee: Dagger            |   105 |   111 |    44 |       ||   260
       Tailslap          |     8 |    16 |    19 |    29 ||    72
       Unarmed           |     1 |       |       |       ||     1
       Flail             |       |       |   152 |     7 ||   159
       Long sword        |       |       |       |   253 ||   253
 Fire: Shortbow          |       |       |    23 |     1 ||    24
 Cast: Magic Dart        |    60 |   128 |   239 |   111 ||   538
       Iskenderun's Myst |       |       |    52 |   115 ||   167
 Abil: Breathe Dispellin |       |       |    15 |    28 ||    43
Evoke: Wand              |       |       |       |     3 ||     3
  Use: Scroll            |       |     5 |     9 |     7 ||    21
       Potion            |       |     3 |       |     5 ||     8
 Stab: Sleeping          |     1 |     1 |       |     3 ||     5
  Eat: Chunk             |     4 |     7 |    19 |    14 ||    44
       Ration            |       |       |       |     5 ||     5
Armor: Skin              |    51 |    45 |   105 |   187 ||   388
Dodge: Dodged            |    93 |    78 |   241 |   271 ||   683
       Deflected         |       |       |     2 |     7 ||     9
Block: Other             |       |       |       |    19 ||    19
       Reflection        |       |       |       |     3 ||     3
       Rpst.: Long sword |       |       |       |    84 ||    84
